 Dungeon Crawl Stone Soup version 0.31-a0-79-g9ec6622867 (webtiles) character file.

Game seed: 16828250046587508696

134434 CoinPitGoblin the Marksspriggan (level 16, -4/87 HPs)
             Began as a Spriggan Hunter on May 24, 2023.
             Was the Champion of Dithmenos.
             Slain by a water elemental (14 damage)
             ... on level 3 of the Shoals.
             The game lasted 01:56:04 (29573 turns).

CoinPitGoblin the Marksspriggan (Spriggan Hunter)  Turns: 29573, Time: 01:56:04

Health: -4/87      AC:  9    Str: 13    XL:     16   Next: 62%
Magic:  33/33      EV: 42    Int: 15    God:    Dithmenos [******]
Gold:   1349       SH:  0    Dex: 32    Spells: 26/40 levels left

rFire   + . .        b - +4 arbalest of Pain and Death {freeze, rPois rC++ Will- Dex+3}
rCold   + + +        (shield currently unavailable)
rNeg    + . .        W - +3 troll leather armour {Snorg}
rPois   +            L - +2 hat
rElec   .            S - scarf {rC+ rF+}
rCorr   +            (gloves unavailable)
SInv    +            (boots unavailable)
Will    +....        s - amulet of regeneration
Stlth   +++++++      G - ring "Qyotich" {rCorr Int+4 Dex+3}
HPRegen 1.94/turn    U - ring "Soul" {rN+ Str+6 Stlth+}
MPRegen 0.23/turn

%: no passive effects
@: engulfed (cannot breathe), wreathed by umbra, studying Dodging, very quick
A: very small, no large weapons, unfitting armour, see invisible, speed 3
a: Renounce Religion, Shadow Step, Shadow Form


You were on level 3 of the Shoals.
You worshipped Dithmenos.
Dithmenos was exalted by your worship.
You visited 6 branches of the dungeon, and saw 28 of its levels.
You also visited: Ossuary and Bailey.

You collected 2466 gold pieces.
You spent 1117 gold pieces at shops.

Inventory:

Hand Weapons
 a - a +3 arbalest of flaming
 b - the +4 arbalest of Pain and Death (weapon) {freeze, rPois rC++ Will- Dex+3}
   (You found it on level 13 of the Dungeon)

   Dex:       It affects your dexterity (+3).
   rC:        It greatly protects you from cold.
   rPois:     It protects you from poison.
   Will:      It decreases your willpower.
 I - the +0 rapier of Deformation {elec, SInv}
   (You bought it in a shop on level 9 of the Dungeon)

   SInv:      It lets you see invisible.
Armour
 n - a scarf of repulsion
 K - a +2 robe of the Archmagi
 L - a +2 hat (worn)
 S - a scarf of resistance (worn)
 W - a +3 troll leather armour (worn) {Snorg}
Jewellery
 d - a ring of magical power
 f - a +6 ring of intelligence
 j - a +6 ring of dexterity
 r - a ring of wizardry
 s - an amulet of regeneration (around neck)
 F - the ring "Taoxed" {rCorr MP+9}
   (You took it off a kobold in a bailey)

   [ring of magical power]

   MP:        It affects your magic capacity (+9).
   rCorr:     It protects you from acid and corrosion.
 G - the ring "Qyotich" (left hand) {rCorr Int+4 Dex+3}
   (You found it on level 5 of the Lair of Beasts)

   [ring of resist corrosion]

   Int:       It affects your intelligence (+4).
   Dex:       It affects your dexterity (+3).
   rCorr:     It protects you from acid and corrosion.
 J - a ring of fire
 T - the ring "Luntaw" {+Blink rPois rN+ AC+4 Dex-3}
   (You found it on level 1 of the Lair of Beasts)

   [ring of protection]

   AC:        It affects your AC (+4).
   Dex:       It affects your dexterity (-3).
   rPois:     It protects you from poison.
   rN:        It protects you from negative energy.
   +Blink:    It lets you blink.
 U - the ring "Soul" (right hand) {rN+ Str+6 Stlth+}
   (You found it on level 1 of the Lair of Beasts)

   [ring of strength]

   Str:       It affects your strength (+6).
   rN:        It protects you from negative energy.
   Stlth:     It makes you more stealthy.
Wands
 c - a wand of flame (7)
 m - a wand of polymorph (7)
 p - a wand of charming (13)
 M - a wand of roots (14)
 N - a wand of light (9)
 Y - a wand of mindburst (8)
Scrolls
 o - 5 scrolls of teleportation
 t - 4 scrolls of magic mapping
 u - 2 scrolls of amnesia
 v - 2 scrolls of poison
 w - a scroll of silence
 x - 2 scrolls of blinking
 y - 6 scrolls of immolation
 A - 6 scrolls of fear
 C - 2 scrolls of fog
 E - 3 scrolls of enchant armour
 H - a scroll of vulnerability
 P - a scroll of enchant weapon
 Z - a scroll of butterflies
Potions
 e - 3 potions of might
 g - 2 potions of invisibility
 h - a potion of heal wounds
 i - 10 potions of curing
 k - a potion of brilliance
 l - a potion of resistance
 q - 6 potions of lignification
 z - 2 potions of ambrosia
 B - 7 potions of enlightenment
 D - 5 potions of magic
 O - 2 potions of haste
 Q - 3 potions of attraction
 R - 2 potions of cancellation
 V - a potion of berserk rage
 X - a potion of mutation


   Skills:
 + Level 11.2 Fighting
 + Level 19.0 Ranged Weapons
 + Level 3.1 Armour
 * Level 17.6 Dodging
 - Level 1.5 Stealth
 * Level 12.6 Spellcasting
 * Level 10.5 Hexes
 + Level 6.1 Invocations
 + Level 10.6 Evocations


You had 26 spell levels left.
You knew the following spells:

 Your Spells              Type           Power      Damage    Failure   Level
a - Passwall              Tmut/Erth      3%         N/A       28%         2
b - Swiftness             Air            9%         N/A       28%         3
c - Passage of Golubria   Tloc           9%         N/A       67%         4
d - Summon Mana Viper     Hex/Summ       20%        N/A       50%         5

Your spell library contained the following spells:

 Spells                   Type           Power      Damage    Failure   Level
 Slow                     Hex            100%       N/A       1%          1
 Confusing Touch          Hex            41%        N/A       1%          3
 Ensorcelled Hibernation  Hex/Ice        40%        N/A       3%          2
 Necrotise                Necr           36%        1d5       10%         1
 Leda's Liquefaction      Hex/Erth       10%        N/A       21%         4
 Static Discharge         Conj/Air       8%         2-3/arc   28%         2
 Vampiric Draining        Necr           9%         2d6       28%         3
 Silence                  Hex/Air        10%        N/A       50%         5
 Airstrike                Air            4%         2d(1-17)  67%         4
 Manifold Assault         Tloc           9%         N/A       67%         4
 Olgreb's Toxic Radiance  Pois           9%         N/A       67%         4
 Summon Ice Beast         Ice/Summ       4%         N/A       88%         4
 Summon Lightning Spire   Summ/Air       4%         N/A       88%         4
 Agony                    Necr           9%         N/A       95%         5
 Lee's Rapid Deconstruct  Erth           4%         3d5*      95%         5
 Summon Forest            Summ/Tloc      2%         N/A       99%         5
 Dispersal                Tloc           4%         N/A       100%        6
 Statue Form              Tmut/Erth      2%         N/A       100%        6
 Summon Cactus Giant      Summ           4%         N/A       100%        6
 Monstrous Menagerie      Summ           4%         N/A       100%        7
 Discord                  Hex            20%        N/A       100%        8
 Disjunction              Tloc           4%         N/A       100%        8
 Ignition                 Fire           4%         3d4       100%        8
 Lehudib's Crystal Spear  Conj/Erth      2%         10d2      100%        8


Dungeon Overview and Level Annotations

Branches:
Dungeon (15/15)            Temple (1/1) D:5            Lair (5/5) D:9
 Shoals (4/4) Lair:2        Snake (0/4) Lair:3        Slime (0/5) Lair:4
    Orc (2/2) D:11            Elf (0/3) Orc:2        Vaults (0/5) D:14
 Depths (1/4) D:15        Ossuary (visited)          Bailey (visited)

Altars:
Ashenzari
Cheibriados
Dithmenos
Elyvilon
Fedhas
Gozag
Hepliaklqana
Kikubaaqudgha
Makhleb
Nemelex Xobeh
Okawaru
Qazlal
Ru
Sif Muna
Trog
Uskayaw
Vehumet
Wu Jian
Xom
Yredelemnul
Zin
The Shining One
Jiyva

Shops:
D:9 (   D:10 (   D:13 [[   Orc:1 [   Orc:2 (([*=   Shoals:1 (   Shoals:2 =

Annotations:
D:5 3 runed translucent doors, void236's ghost, amateur DESu
Lair:5 syranez's ghost, journeyman MiBe


Innate Abilities, Weirdness & Mutations

You are very small and have problems with some larger weapons.
You are too small for most types of armour.
You have supernaturally acute eyesight. (SInv)
You cover ground extremely quickly. (Speed+++)


Message History

Aim: a merfolk impaler, wielding a +0 trident of flaming and wearing a +0 robe (black smoke, umbra, 61% to hit)
You shoot a bolt. The bolt hits the merfolk impaler.
The bolt freezes the merfolk impaler.
The merfolk impaler is lightly wounded.
Your shadow shoots a bolt.
The bolt hits the merfolk impaler!
* * * LOW HITPOINT WARNING * * *
Your lungs strain for air!
The merfolk impaler completely misses you.
The water elemental misses you. The merfolk impaler barely misses you.
Fire: b) +4 arbalest of Pain and Death {freeze, rPois rC++ Will- Dex+3}
Press: ? - help, Shift-Dir - straight line, f/p - merfolk impaler
Aim: a merfolk impaler, wielding a +0 trident of flaming and wearing a +0 robe (black smoke, lightly wounded, umbra, 61% to hit)
You shoot a bolt. The bolt misses the merfolk impaler.
* * * LOW HITPOINT WARNING * * *
Your lungs strain for air!
The merfolk impaler hits you but does no damage.
The water elemental completely misses you.
Unknown command.
Fire: b) +4 arbalest of Pain and Death {freeze, rPois rC++ Will- Dex+3}
Press: ? - help, Shift-Dir - straight line, f/p - merfolk impaler
Aim: a merfolk impaler, wielding a +0 trident of flaming and wearing a +0 robe (black smoke, lightly wounded, umbra, 61% to hit)
You shoot a bolt. The bolt hits the merfolk impaler!!!
The bolt freezes the merfolk impaler.
The merfolk impaler is severely wounded.
* * * LOW HITPOINT WARNING * * *
Your lungs strain for air!
The merfolk impaler closely misses you.
The water elemental completely misses you.
The merfolk impaler barely misses you.
Fire: b) +4 arbalest of Pain and Death {freeze, rPois rC++ Will- Dex+3}
Press: ? - help, Shift-Dir - straight line, f/p - merfolk impaler
Aim: a merfolk impaler, wielding a +0 trident of flaming and wearing a +0 robe (black smoke, severely wounded, umbra, 61% to hit)
You shoot a bolt. The bolt misses the merfolk impaler.
Your shadow shoots a bolt.
The bolt barely misses the merfolk impaler.
* * * LOW HITPOINT WARNING * * *
Your lungs strain for air!
The merfolk impaler completely misses you.
The water elemental hits you!
You die...

≈≈≈≈≈≈≈≈≈≈≈~.......).~~≈≈~~~~≈≈≈≈
≈≈≈≈≈≈≈≈≈≈≈~~~~~~~~~~~≈≈~~~~~≈≈≈≈
≈≈≈≈≈≈≈≈≈≈≈~~~~~~~~~~~~~~~....P.≈
≈≈≈≈≈≈≈≈≈~~~~~~~~~~^.......P.~.~~
≈≈≈≈≈≈≈≈≈~~~~~~§~~~.##.P......~.≈
≈≈≈≈≈≈≈≈~~~~~§~~~~~..##..P~.P.~≈≈
≈≈≈~~~≈≈~~~~~§~§~........P.P~PP)~
≈≈~~..~≈~~~~~~.†§E§....~..#)...P~
≈≈≈~~..~~~~....§@§###.......~~..~
≈≈≈~~~~...###§§m§§# #.....).~~~.~
≈≈≈≈~~~....##.§§§§###..P....~~~~~
≈≈≈≈≈~~..§.......§§#...~..PP~~~~≈
≈≈≈≈≈~~~......~...§...~≈≈~...~~≈≈
≈≈≈≈≈~~~.P...~~~~.~~~~≈≈≈≈≈≈≈≈≈≈≈
≈≈≈≈~PPP..P#...#.>~~~~.~~~~~~~≈≈≈
≈≈≈≈~~PP...#...##..~~^~~~~~≈~~≈≈≈
≈≈≈≈P~.PPP...§§§§§§§...~~~≈≈~~≈≈≈


You could see a merfolk impaler and a water elemental.

Vanquished Creatures
  Jorgrun (D:12)
  Polyphemus (Shoals:3)
  A kraken (Shoals:1)
  Ilsuiw (Shoals:3)
  A stone giant (D:15)
  An orc warlord (Orc:2)
  Azrael (Orc:2)
  Snorg (Orc:1)
  4 merfolk javelineers
  5 merfolk impalers
  Harold (Lair:2)
  An ice dragon (Lair:5)
  2 catoblepae
  3 hydras
  2 merfolk avatars
  2 two-headed ogres
  2 merfolk aquamancers
  A death knight (D:13)
  7 centaur warriors
  A satyr (Shoals:3)
  10 death yaks
  2 tengu warriors (D:15)
  2 alligator snapping turtles (Shoals:4)
  Urug (D:12)
  Nergalle (D:12)
  Sonja (Orc:1)
  8 skeletal warriors
  3 skysharks
  7 sea snakes
  A bog body (Lair:1)
  7 wizards
  A deep elf archer (D:14)
  Pikel (D:9)
  13 harpies
  A lindwurm (Lair:5)
  3 deep elf pyromancers (D:14)
  11 orc knights
  A deep elf zephyrmancer (D:14)
  An oklob plant (Lair:5)
  A wolf spider (shapeshifter) (D:13)
  9 manticores
  4 ugly things (D:15)
  3 fauns (Shoals:1)
  2 cyclopes
  6 elephants (Lair:1)
  10 merfolk sirens
  3 black mambas
  15 slime creatures
  6 water nymphs
  An ice statue (Lair:1)
  6 torpor snails
  Joseph (Lair:1)
  3 rime drakes
  6 cane toads
  7 komodo dragons
  2 kobold demonologists
  Psyche (D:11)
  2 ice devils (Lair:1)
  19 merfolk
  2 wind drakes
  4 tyrant leeches (Lair:5)
  8 hornets (Lair:5)
  6 trolls
  11 polar bears
  2 blink frogs (shapeshifter)
  A hornet (shapeshifter) (D:12)
  8 snapping turtles
  11 dream sheep
  19 blink frogs
  A centaur simulacrum (D:14)
  26 yaks
  A shadow (D:11)
  2 vampires
  5 wyverns
  4 wraiths
  3 fire elementals (Orc:2)
  3 basilisks
  10 water elementals
  4 vampire mosquitoes (D:13)
  A basilisk (shapeshifter) (D:15)
  5 steam dragons
  Menkaure (D:5)
  8 wargs
  4 nagas (Lair:3)
  An acid dragon (D:11)
  Duvessa (D:4)
  3 hell hounds (Orc:2)
  11 water moccasins
  56 orc warriors
  A hornet zombie (Ossuary)
  5 ice beasts
  4 sky beasts
  4 black bears
  An ogre (D:11)
  12 centaurs
  13 wolves
  A phantom (D:5)
  6 kobold brigands
  7 bullfrogs
  2 elf zombies (D:8)
  A two-headed ogre simulacrum (Lair:1)
  2 wyvern zombies (Ossuary)
  4 elf skeletons (D:8)
  A gnoll sergeant (D:11)
  2 scorpions
  3 water moccasin zombies (Ossuary)
  16 wights
  Dowan (D:4)
  8 killer bees (D:9)
  6 howler monkeys
  3 electric eels
  8 bullfrog zombies (Ossuary)
  5 centaur zombies (Ossuary)
  3 hounds
  4 jellies
  18 orc priests
  3 gnoll boudas
  A human zombie (D:8)
  Terence (D:2)
  A human skeleton (D:8)
  2 iguanas
  20 orc wizards
  14 hell rats
  2 killer bee zombies (Ossuary)
  A boggart simulacrum (D:14)
  14 mummies (Ossuary)
  3 howler monkey zombies (Ossuary)
  Robin (D:3)
  22 gnolls
  5 adders
  2 naga simulacra (Lair:1)
  A shadow imp (D:6)
  6 white imps (D:13)
  3 ufetubi
  5 dart slugs
  91 orcs
  8 ball pythons
  3 endoplasms
  3 giant cockroaches
  16 goblins
  14 hobgoblins
  14 jackals
  5 bats
  5 frilled lizards (D:1)
  42 kobolds
  3 orc skeletons (D:8)
  3 rats (D:1)
  A tentacle (Shoals:1)
899 creatures vanquished.

Vanquished Creatures (collateral kills)
  A wind drake (Shoals:3)
  An orc warrior (Bailey)
  A hobgoblin (Bailey)
3 creatures vanquished.

Vanquished Creatures (others)
  A harpy (Shoals:4)
  An orc warrior (Bailey)
  An orc (Orc:1)
  2 kobolds
  7 tentacles (Shoals:1)
12 creatures vanquished.

Grand Total: 914 creatures vanquished

Notes
Turn   | Place    | Note
-------+----------+-------------------------------------------
     0 | D:1      | CoinPitGoblin the Spriggan Hunter began the quest for the
                  | Orb.
     0 | D:1      | Reached XP level 1. HP: 10/10 MP: 2/2
   170 | D:1      | Reached XP level 2. HP: 14/14 MP: 3/3
   447 | D:1      | Found a faded altar of an unknown god.
  1182 | D:2      | Reached XP level 3. HP: 16/18 MP: 4/4
  1200 | D:2      | Reached skill level 5 in Ranged Weapons
  1227 | D:2      | Reached skill level 1 in Evocations
  1467 | D:2      | Noticed Terence
  1526 | D:2      | Killed Terence
  1527 | D:2      | Reached XP level 4. HP: 23/23 MP: 5/5
  1938 | D:3      | Found an iron altar of Okawaru.
  2154 | D:3      | Identified the +1 helmet of Noplucvephy {Dex+5}
  2154 | D:3      | Noticed Robin
  2184 | D:3      | Killed Robin
  2470 | D:3      | Reached XP level 5. HP: 13/26 MP: 6/6
  2750 | D:4      | Noticed a sky beast
  2804 | D:4      | Killed a sky beast
  2805 | D:4      | Reached skill level 6 in Ranged Weapons
  2942 | D:4      | Reached XP level 6. HP: 30/30 MP: 7/7
  3137 | D:4      | Noticed Dowan
  3141 | D:4      | Noticed Duvessa
  3242 | D:4      | Killed Dowan
  4136 | D:4      | Killed Duvessa
  4137 | D:4      | Reached skill level 7 in Ranged Weapons
  4273 | D:5      | Entered Level 5 of the Dungeon
  4359 | D:5      | Found a staircase to the Ecumenical Temple.
  4662 | D:5      | Reached XP level 7. HP: 35/35 MP: 8/8
  4688 | D:5      | Found a runed translucent gate.
  4688 | D:5      | Found a runed translucent gate.
  4812 | D:5      | Noticed a steam dragon
  4959 | D:5      | Killed a steam dragon
  5005 | D:5      | Noticed Menkaure
  5177 | D:5      | Killed Menkaure
  5178 | D:5      | Reached skill level 8 in Ranged Weapons
  5319 | Temple   | Entered the Ecumenical Temple
  5393 | Temple   | Became a worshipper of Dithmenos the Shadowed
  5429 | D:5      | Found a runed translucent gate.
  5437 | D:5      | Identified the +1 leather armour of Divine Intervention
                  | {rF+ Str+6 Dex-5}
  5441 | D:5      | Noticed void236's ghost (amateur DESu)
  5461 | D:5      | Reached skill level 5 in Evocations
  5602 | D:5      | Found a glowing golden altar of the Shining One.
  5619 | D:5      | Reached XP level 8. HP: 40/40 MP: 9/9
  5844 | D:6      | Reached skill level 9 in Ranged Weapons
  6194 | D:6      | Found a burning altar of Makhleb.
  6194 | D:6      | Noticed a green death
  6197 | D:6      | Noticed an orange demon
  6342 | D:6      | Reached skill level 10 in Ranged Weapons
  6816 | D:7      | Reached XP level 9. HP: 45/45 MP: 10/10
  6841 | D:7      | Reached * piety under Dithmenos
  7043 | D:7      | Reached skill level 11 in Ranged Weapons
  7085 | D:7      | Reached skill level 5 in Dodging
  7128 | D:7      | Found a flagged portal.
  7148 | Bailey   | Entered a bailey
  7167 | Bailey   | Reached ** piety under Dithmenos
  7200 | Bailey   | Identified the ring "Taoxed" {rCorr MP+9}
  7814 | D:7      | Found a sparkling altar of Nemelex Xobeh.
  8220 | D:8      | Reached skill level 5 in Fighting
  8295 | D:8      | Found a sand-covered staircase.
  8302 | D:8      | Reached skill level 12 in Ranged Weapons
  8305 | Ossuary  | Entered an ossuary
  8395 | Ossuary  | Reached XP level 10. HP: 21/51 MP: 11/11
  8415 | Ossuary  | Reached *** piety under Dithmenos
  9041 | D:8      | Learned a level 2 spell: Passwall
  9045 | D:8      | Learned a level 3 spell: Swiftness
  9210 | D:8      | Reached skill level 1 in Spellcasting
 10199 | D:9      | Found a radiant altar of Vehumet.
 10202 | D:9      | Found a basalt altar of Yredelemnul.
 10372 | D:9      | Reached **** piety under Dithmenos
 10604 | D:9      | Found a broken altar of Ashenzari.
 10659 | D:9      | Noticed Pikel
 10666 | D:9      | Killed Pikel
 10667 | D:9      | Reached skill level 13 in Ranged Weapons
 10667 | D:9      | Reached skill level 1 in Invocations
 11037 | D:9      | Found Rotiss's Antique Weapon Shop.
 11113 | D:9      | Reached XP level 11. HP: 19/56 MP: 16/16
 11248 | D:9      | Bought a warped rapier for 270 gold pieces
 11248 | D:9      | Identified the +0 rapier of Deformation {elec, SInv} (You
                  | bought it in a shop on level 9 of the Dungeon)
 11323 | D:9      | Noticed a death yak
 11388 | D:8      | Killed a death yak
 11505 | D:9      | Identified the +2 leather armour of Gallantry {Will++}
 11631 | D:9      | Noticed a death yak
 11640 | D:9      | Noticed a death yak
 11642 | D:9      | Noticed a death yak
 11646 | D:9      | Noticed a death yak
 11678 | D:9      | Killed a death yak
 11746 | D:9      | Killed a death yak
 11826 | D:8      | Killed a death yak
 11914 | D:9      | Found a staircase to the Lair.
 12022 | D:10     | Entered Level 10 of the Dungeon
 12069 | Lair:1   | Entered Level 1 of the Lair of Beasts
 12086 | Lair:1   | Identified the +2 leather armour of Sothef {Contam +Blink
                  | rPois SInv}
 12224 | D:9      | Killed a death yak
 12294 | D:9      | Learned a level 4 spell: Passage of Golubria
 12404 | Lair:1   | Noticed Joseph
 12422 | Lair:1   | Reached skill level 14 in Ranged Weapons
 12429 | Lair:1   | Killed Joseph
 12839 | Lair:1   | Reached skill level 5 in Spellcasting
 12959 | D:10     | Found Tadakooj's Antique Weapon Boutique.
 13278 | D:10     | Reached XP level 12. HP: 52/62 MP: 20/20
 13579 | D:11     | Noticed Psyche
 13585 | D:11     | Killed Psyche
 13623 | D:11     | Reached ***** piety under Dithmenos
 13655 | D:11     | Found a staircase to the Orcish Mines.
 13738 | D:11     | You fall into a shaft and drop 1 floor!
 13763 | D:12     | Noticed Urug
 13773 | D:12     | Killed Urug
 15123 | D:12     | Reached skill level 5 in Invocations
 15204 | D:12     | Reached skill level 15 in Ranged Weapons
 15284 | D:12     | Noticed Nergalle
 15293 | D:12     | Killed Nergalle
 15387 | D:12     | Noticed Jorgrun
 15891 | Orc:1    | Entered Level 1 of the Orcish Mines
 15891 | Orc:1    | Noticed Sonja
 15903 | Orc:1    | Noticed a two-headed ogre
 15937 | D:11     | Reached skill level 10 in Dodging
 15964 | D:11     | Learned a level 5 spell: Summon Mana Viper
 16205 | Lair:1   | Noticed a death yak
 16208 | Lair:1   | Reached ****** piety under Dithmenos
 16216 | Lair:1   | Killed a death yak
 16217 | Lair:1   | Reached skill level 1 in Hexes
 16255 | Lair:1   | Reached XP level 13. HP: 64/68 MP: 24/24
 16268 | Lair:1   | Reached skill level 1 in Armour
 16552 | Lair:1   | Identified the ring "Luntaw" {+Blink rPois rN+ AC+4 Dex-3}
 16661 | Lair:1   | Identified the ring "Soul" {rN+ Str+6 Stlth+}
 17164 | Lair:2   | Reached skill level 16 in Ranged Weapons
 17172 | Lair:2   | Noticed Harold
 17430 | Lair:2   | Killed Harold
 17718 | Lair:2   | Found a staircase to the Shoals.
 18368 | Lair:3   | Found a staircase to the Snake Pit.
 18821 | Lair:4   | Found a staircase to the Slime Pits.
 18821 | Lair:4   | Found a viscous altar of Jiyva.
 19119 | Lair:4   | Identified a scroll of acquirement
 19120 | Lair:4   | Acquired a manual of Dodging
 19183 | Lair:4   | Reached skill level 5 in Hexes
 19723 | Lair:5   | Entered Level 5 of the Lair of Beasts
 19792 | Lair:5   | Found a transporter.
 19995 | Lair:5   | Found a runed translucent door.
 20035 | Lair:5   | Reached XP level 14. HP: 63/74 MP: 27/27
 20358 | Lair:5   | Noticed syranez's ghost (journeyman MiBe)
 20368 | Lair:5   | Found a transporter.
 20404 | Lair:5   | Reached skill level 17 in Ranged Weapons
 21059 | Lair:5   | Identified the ring "Qyotich" {rCorr Int+4 Dex+3}
 21591 | Orc:1    | Killed Sonja
 21592 | Orc:1    | Reached skill level 10 in Evocations
 21699 | Orc:1    | Found Pikhiss's Armour Boutique.
 21749 | Orc:2    | Entered Level 2 of the Orcish Mines
 21758 | Orc:2    | Noticed an orc warlord
 21776 | Orc:2    | Killed an orc warlord
 21993 | Orc:2    | Found Juraj's Weapon Boutique.
 22096 | Orc:2    | Found Janykuy's Weapon Shoppe.
 22138 | Orc:2    | Bought the +8 longbow "Zephyr" {speed, Dex+3 SInv} for 847
                  | gold pieces
 22138 | Orc:2    | Found the +8 longbow "Zephyr" {speed, Dex+3 SInv}
 22322 | Orc:2    | Found Issaoliar's Jewellery Boutique.
 22345 | Orc:2    | Noticed Azrael
 22398 | Orc:2    | Killed Azrael
 22455 | Orc:2    | Found Rucesaos's Armour Shoppe.
 22455 | Orc:2    | Found Farchufou's General Store.
 22657 | Orc:2    | Found a staircase to the Elven Halls.
 22889 | Orc:1    | Found a shimmering blue altar of Sif Muna.
 22891 | Orc:1    | Noticed Snorg
 22900 | Orc:1    | Killed Snorg
 22945 | Orc:1    | You fall into a shaft and drop 1 floor!
 23359 | D:12     | Killed Jorgrun
 23674 | D:13     | Found Serihae's Antique Armour Boutique.
 23685 | D:13     | Reached skill level 10 in Spellcasting
 23915 | D:13     | Reached XP level 15. HP: 59/79 MP: 30/30
 24040 | D:13     | Found Kexzeupt's Armour Emporium.
 24126 | D:13     | Reached skill level 18 in Ranged Weapons
 24157 | D:13     | Identified the +4 arbalest of Pain and Death {freeze, rPois
                  | rC++ Will- Dex+3}
 24975 | D:14     | Identified the +7 hand axe "Cacuola" {flame, Will+ Dex-2
                  | SInv}
 25234 | D:14     | Found a gate to the Vaults.
 25696 | D:15     | Entered Level 15 of the Dungeon
 25875 | D:15     | Found a staircase to the Depths.
 26185 | D:15     | Found an ancient bone altar of Kikubaaqudgha.
 26811 | Depths:1 | Entered Level 1 of the Depths
 27063 | Shoals:1 | Entered Level 1 of the Shoals
 27135 | Shoals:1 | Reached skill level 10 in Fighting
 27335 | Shoals:1 | Found Zizyat's Weapon Shoppe.
 27435 | Shoals:1 | Noticed a kraken
 27455 | Shoals:1 | Killed a kraken
 27708 | Shoals:2 | Found Xyos Nio's Jewellery Shop.
 27866 | Shoals:2 | Reached skill level 15 in Dodging
 27934 | Shoals:2 | Reached XP level 16. HP: 86/86 MP: 32/32
 28368 | Shoals:3 | Identified the ring of Saihu {rN+ Str+6}
 28794 | Shoals:3 | Noticed Polyphemus
 28814 | Shoals:3 | Killed Polyphemus
 28840 | Shoals:3 | Reached skill level 10 in Hexes
 28988 | Shoals:3 | Noticed Ilsuiw
 29082 | Shoals:3 | Killed Ilsuiw
 29083 | Shoals:3 | Reached skill level 19 in Ranged Weapons
 29297 | Shoals:4 | Entered Level 4 of the Shoals
 29525 | Shoals:4 | Identified the ring "Xitro" {Fly rC+++ Will+ Str+5}
 29573 | Shoals:3 | Slain by a water elemental

Illustrated notes

Levels and vault maps discovered:
D:1:      dpeg_arrival_solitude, layout_loops_ring,
          nicolae_ecumenical_lake_church, minmay_box_of_dots
D:2:      layout_basic, uniq_terence
D:3:      layout_basic, marbit_many_paths, uniq_robin
D:4:      layout_basic, corexii_checkpoint_b, hex_tiny, uniq_duvessa
D:5:      black_bear_nest_1, layout_cave_pools, tso_metal_star,
          minmay_temple_entry_mist, ebering_ghost_rock_garden, uniq_menkaure
D:6:      layout_loops_ring, makhleb_altar_promises_db, kennysheep_path_1
D:7:      layout_rooms, general_overflow_altar, enter_bailey_4
D:8:      layout_layer_cave, nicolae_ossuary_entry_catacombs,
          grunt_decor_clamped
D:9:      layout_loops_corners, mainiacjoe_overflow_concentric_impassable,
          nicolae_overflow_squiral, dpeg_lair_monsters, serial_shops,
          nicolae_inconvenience_store, uniq_pikel
D:10:     layout_roguey, serial_shops, shop
D:11:     layout_layer_cave, david_orc_3, special_room [special_room_orc],
          uniq_psyche
D:12:     layout_roguey, columned_hall_lemuel, uniq_nergalle, uniq_jorgrun,
          uniq_urug
D:13:     minmay_wizard_corner, layout_long_grid, serial_shops, shop_fountains,
          shop_fountains, serial_ice, serial_ice_b, serial_ice_i, serial_ice_o,
          serial_ice_e, serial_ice_a, serial_ice_h
D:14:     layout_irregular_city, hangedman_vaults_entry_quadrant_bands,
          kennysheep_flooded_box, st_stairs_7
D:15:     grunt_enter_depths_snipers, layout_loops_corners,
          kiku_gazebo_garden_becter
Temple:   eino_wide_crystal_templ
Lair:1:   dreamdust_isle_of_ice, layout_small_grid, infiniplex_staircase_pool,
          grunt_megastairs_4, uniq_joseph
Lair:2:   layout_chaotic_city, minmay_shoals_entry_lonely_mermaid,
          grunt_megastairs_3, uniq_harold
Lair:3:   layout_roguey, minmay_snake_entry_guardpost_small
Lair:4:   layout_regular_city, slime_entry_1, serial_bayou_shore_b
Lair:5:   wormcave, layout_misc_corridors, gammafunk_ghost_arena,
          minmay_lair_oklob_items
Shoals:1: layout_shoals, serial_shops, shop
Shoals:2: layout_shoals, serial_shops, nicolae_shop_getting_attention
Shoals:3: layout_shoals, uniq_polyphemus, uniq_ilsuiw
Shoals:4: shoals_end_grunt_ice, layout_shoals, shoals_ilsuiw_ice, serial_shops,
          shop
Orc:1:    layout_caves, serial_shops, shop, basic_altar,
          hellmonk_bongcloud_opening, led_sif_book, uniq_sonja, uniq_snorg
Orc:2:    st_orc_town, layout_diamond_mine, serial_shops, shop,
          nicolae_orc_lava_room, uniq_azrael
Depths:1: layout_gridlike, lightli_too_deep, abyss_entry, nemelex_altar_shiori,
          chequers_decorated_corner, minivault_16, nicolae_ashenzari_panopticon

Skill      XL: |  1  2  3  4  5  6  7  8  9 10 11 12 13 14 15 16 |
---------------+-------------------------------------------------+-----
Ranged Weapons | 5 6 7 8 10 12 13 14 15 16 17 18 19 | 19.0
Evocations     | 1 2 3 5 7 8 9 10 | 10.6
Fighting       | 2 3 4 5 6 7 8 9 10 11 | 11.2
Dodging        | 3 4 6 7 9 10 13 15 17 | 17.6
Spellcasting   | 3 5 7 8 10 11 12 | 12.6
Invocations    | 1 4 5 6 |  6.1
Hexes          | 1 5 7 9 10 | 10.5
Armour         | 2 3 |  3.1
Stealth        | |  1.5

Action                     |  1- 3 |  4- 6 |  7- 9 | 10-12 | 13-15 | 16-18 || total
---------------------------+-------+-------+-------+-------+-------+-------++-------
   Fire: Shortbow          |    92 |   206 |    76 |    40 |       |       ||   414
         Orcbow            |       |       |   419 |   814 |       |       ||  1233
         Arbalest          |       |       |       |   180 |  1322 |   270 ||  1772
   Cast: Summon Mana Viper |       |       |       |       |       |     1 ||     1
 Invoke: Shadow Step       |       |       |       |     1 |     2 |       ||     3
Ability: Evoke Blink       |       |       |       |       |     1 |       ||     1
  Evoke: Wand              |       |     3 |     3 |    31 |     2 |     1 ||    40
    Use: Scroll            |       |     6 |     3 |    19 |    11 |     1 ||    40
         Potion            |       |       |       |     1 |     2 |     5 ||     8
 Armour: Robe              |     4 |     3 |       |       |       |       ||     7
         Steam dragon scal |       |       |    20 |    23 |       |       ||    43
         Troll leather arm |       |       |       |     1 |    44 |    13 ||    58
  Dodge: Dodged            |    21 |    45 |   193 |   384 |   702 |   406 ||  1751
         Repelled          |       |       |       |     4 |     2 |       ||     6
  Block: Other             |       |       |       |    39 |    68 |       ||   107
         Reflection        |       |       |       |     4 |       |       ||     4

Table legend: (Time is in decaauts)
 A = Elapsed time spent in this place.
 B = Non-inter-level travel time spent in this place.
 C = Inter-level travel time spent in this place.
 D = Time resting spent in this place.
 E = Time spent auto-exploring this place.
 F = Levels seen in this place.
 G = Mean time per level.
                   A        B        C        D        E       F      G
               +--------+--------+--------+--------+--------+-----+--------+
         Total |  21338 |  19460 |   1878 |   1646 |  10241 |  30 |  711.3 |
       Dungeon |  12989 |  11700 |   1289 |   1019 |   6321 |  15 |  865.9 |
        Temple |     53 |     38 |     15 |      0 |     24 |   1 |   53.0 |
          Lair |   4045 |   3742 |    303 |    306 |   2058 |   5 |  809.0 |
        Shoals |   2029 |   1899 |    130 |     79 |    982 |   4 |  507.2 |
  Orcish Mines |   1226 |   1087 |    139 |      0 |    514 |   2 |  613.0 |
        Depths |      1 |      1 |      0 |      0 |      0 |   1 |    1.0 |
       Ossuary |    519 |    519 |      0 |     67 |    230 |   1 |  519.0 |
        Bailey |    473 |    473 |      0 |    174 |    111 |   1 |  473.0 |
               +--------+--------+--------+--------+--------+-----+--------+

Top non-repeatable levels by time:
     D:9: 1696 daAuts
     D:4: 1336 daAuts
    D:11: 1196 daAuts
     D:8: 1170 daAuts
  Lair:1: 1107 daAuts
  Lair:5: 1042 daAuts
   Orc:2: 878 daAuts
    D:12: 857 daAuts
    D:14: 796 daAuts
    D:13: 790 daAuts
  Lair:4: 784 daAuts
     D:3: 772 daAuts
Shoals:3: 763 daAuts
     D:5: 701 daAuts
    D:15: 698 daAuts
